 Dungeon Crawl Stone Soup version 0.26-a0-30-g56b8cd3df0 (webtiles) character file.

Game seed: 9451180916680469957, levelgen mode: deterministic

16406 Lanoc the Impaler (level 12, -15/97 HPs)
             Began as a Merfolk Berserker on June 1, 2020.
             Was a High Priest of Trog.
             Demolished by a two-headed ogre
             ... wielding a +0 giant spiked club
              (16 damage)
             ... on level 12 of the Dungeon.
             The game lasted 00:18:25 (10857 turns).

Lanoc the Impaler (Merfolk Berserker)              Turns: 10857, Time: 00:18:25

Health: -15/97     AC: 16    Str: 19    XL:     12   Next: 37%
Magic:  0/14       EV: 20    Int:  6    God:    Trog [*****.]
Gold:   578        SH:  0    Dex: 17    Spells: 11/11 levels left

rFire    . . .     SeeInvis .   L - +4 glaive (flame)
rCold    . . .     Gourm    .   (shield currently unavailable)
rNeg     . . .     Faith    .   B - +1 acid dragon scales (curse)
rPois    +         Spirit   +   (no helmet)
rElec    .         Reflect  .   d - +2 cloak
rCorr    +         Harm     .   (no gloves)
MR       .....                  (no boots)
Stlth    +.........             k - amulet of guardian spirit
HPRegen  0.26/turn              e - +4 ring of protection
MPRegen  0.14/turn              m - ring of poison resistance

@: stab
A: change form in water, swift swim, stealthy swim
a: Berserk, Trog's Hand, Brothers in Arms, Renounce Religion


You were on level 12 of the Dungeon.
You worshipped Trog.
Trog was extremely pleased with you.
You were hungry.

You visited 2 branches of the dungeon, and saw 13 of its levels.

You collected 578 gold pieces.

Inventory:

Hand Weapons
 g - a +0 trident
 L - a +4 glaive of flaming (weapon)
Missiles
 E - 2 throwing nets (quivered)
Armour
 d - a +2 cloak (worn)
 p - a +3 ring mail of cold resistance
 x - a +0 buckler
 z - a +2 kite shield
 B - cursed +1 acid dragon scales (worn)
Jewellery
 b - an uncursed ring of resist corrosion
 e - a +4 ring of protection (left hand)
 k - an amulet of guardian spirit (around neck)
 m - a ring of poison resistance (right hand)
 A - an uncursed ring of flight
 K - an uncursed amulet of reflection
Wands
 o - a wand of paralysis (5)
 s - a wand of enslavement (9)
 u - a wand of iceblast (17)
Scrolls
 f - 3 scrolls of enchant weapon {unknown}
 h - 4 scrolls of teleportation {unknown}
 l - 3 scrolls of enchant armour
 q - 5 scrolls of magic mapping
 r - 2 scrolls of fear {unknown}
 t - 8 scrolls of identify
 y - 4 scrolls of amnesia {unknown}
 C - 3 scrolls of remove curse {unknown}
 H - 3 scrolls of summoning {unknown}
 M - a scroll of blinking {unknown}
Potions
 a - 2 potions of might
 i - 2 potions of mutation {unknown}
 j - 5 potions of cancellation
 n - 2 potions of lignification {unknown}
 v - 2 potions of brilliance {unknown}
 w - 2 potions of heal wounds {unknown}
 D - 2 potions of curing
 F - a potion of magic {unknown}
 G - a potion of ambrosia {unknown}
 I - a potion of stabbing
 J - a potion of berserk rage
Comestibles
 c - 17 rations


   Skills:
 + Level 9.9 Fighting
 * Level 16.6 Polearms
 + Level 6.7 Armour
 + Level 11.3 Dodging
 - Level 4.0 Shields
 + Level 3.9 Evocations


You had 11 spell levels left.
You didn't know any spells.
Your spell library was empty.

Dungeon Overview and Level Annotations

Branches:
Dungeon (12/15)            Temple (1/1) D:6            Lair (0/6) D:11
    Orc (0/2) D:12

Altars:
Ashenzari
Elyvilon
Fedhas
Gozag
Kikubaaqudgha
Makhleb
Okawaru
Trog
Uskayaw
Vehumet
Xom
Yredelemnul

Shops:
D:4 [

Annotations:
D:12 5 runed translucent doors, Okiesh's ghost, journeyman DrCj


Message History

Your deep troll barely misses the frost giant.
Your deep troll claws the frost giant.
Your deep troll claws the frost giant!
The two-headed ogre hits you with a +0 giant spiked club!
* * * LOW HITPOINT WARNING * * *
The two-headed ogre completely misses you.
It was a potion of cancellation.
You feel magically purged.
Your deep troll bites the frost giant!!
Your deep troll claws the frost giant!
Your deep troll claws the frost giant!!
The frost giant dies!
Trog accepts your kill.
Trog appreciates your killing of a magic user.
Your deep troll bites the centaur warrior!
Your deep troll claws the centaur warrior!
Your deep troll barely misses the centaur warrior.
It was a potion of stabbing.
You feel ready to backstab.
The centaur warrior unwields a +0 shortbow.
The centaur warrior hits your deep troll.
The two-headed ogre hits you with a +0 giant spiked club!
You die...

# #..................#### #..
####.....................######..
.................####............
.................##..............
..........##........####.........
........##*#.#....###.$#....##>..
##...##.#***,,,.###cy#.#..#####..
##..#*,.**,,,###Tc###.#.## #..
#..##**,,,,###O@###(#.#.# #..
*#†.#**,,,###..###D....#.## #..
,..##,,,**#......###?#.#..# #..
.#..,,**#..#..#....###.#..# ###.
....***##+*#..###....#.#..####...
,..##,,#,,,#....###....#.........
..#.,*,*,,,#..#...###..#.........
..*.,*,**+*#..#....:#8.#....#####
*,*,*,..,,*#..#...(8...#....###


You could see a fire dragon, a centaur warrior, a two-headed ogre, a yaktaur, a
vampire mosquito and a friendly deep troll (summoned, berserk).

Vanquished Creatures
  A two-headed ogre (D:9)
  3 unseen horrors
  A deep elf mage (D:12)
  An oklob plant (D:8)
  2 ugly things (D:12)
  A cyclops (D:10)
  A centaur zombie (D:12)
  A freezing wraith (D:12)
  A hornet (D:10)
  A tengu conjurer (D:12)
  A troll (D:10)
  A shadow (D:8)
  2 wyverns
  13 yaks
  A basilisk (D:11)
  3 hungry ghosts
  A water moccasin (D:8)
  2 acid dragons
  6 orc warriors
  4 sky beasts
  2 ice beasts
  A black bear (D:9)
  3 eyes of draining
  6 centaurs
  11 ogres
  A big kobold (D:12)
  8 bullfrogs
  3 gnoll sergeants
  2 wyvern skeletons
  4 scorpions
  4 wights
  A bullfrog zombie (D:11)
  3 howler monkeys (D:12)
  6 crimson imps
  A bullfrog skeleton (D:5)
  9 hounds
  10 jellies
  3 quasits
  8 orc priests
  Jessica (D:3)
  Ijyb (D:4)
  Natasha (thrice) (D:3)
  3 iguanas
  17 orc wizards
  9 worker ants
  A hound zombie (D:5)
  4 gnolls
  2 worker ant zombies
  11 adders
  4 shadow imps
  12 oozes
  4 adder skeletons
  A dart slug (D:3)
  6 leopard geckos
  43 orcs
  3 giant cockroaches
  2 goblins
  3 hobgoblins
  15 jackals
  3 quokkas
  2 ball pythons (D:3)
  3 bats
  A frilled lizard (D:3)
  A giant cockroach zombie (D:5)
  2 gnoll zombies (D:6)
  9 kobolds
  A leopard gecko zombie (D:6)
  A quokka zombie (D:5)
301 creatures vanquished.

Vanquished Creatures (collateral kills)
  A frost giant (D:12)
  A two-headed ogre (D:8)
  5 orcs (D:8)
  3 jackals (D:8)
  A quokka (D:8)
11 creatures vanquished.

Vanquished Creatures (others)
  An orc wizard (D:8)
  A goblin (D:1)
  3 fungi (D:8)
5 creatures vanquished.

Grand Total: 317 creatures vanquished

Notes
Turn   | Place    | Note
-------+----------+-------------------------------------------
     0 | D:1      | Lanoc the Merfolk Berserker began the quest for the Orb.
     0 | D:1      | Reached XP level 1. HP: 18/18 MP: 1/1
   160 | D:3      | Noticed an orc wizard
   164 | D:3      | Reached XP level 2. HP: 24/24 MP: 2/2
   172 | D:3      | Reached skill level 5 in Polearms
   172 | D:3      | Reached XP level 3. HP: 29/29 MP: 3/3
   311 | D:3      | Reached XP level 4. HP: 37/37 MP: 4/4
   480 | D:3      | Reached ** piety under Trog
   481 | D:3      | Noticed Natasha
   489 | D:3      | Killed Natasha
   489 | D:3      | Reached skill level 6 in Polearms
   489 | D:3      | Reached XP level 5. HP: 42/42 MP: 5/5
   998 | D:3      | Noticed Jessica
  1009 | D:3      | Killed Jessica
  1100 | D:3      | Noticed Natasha
  1109 | D:3      | Killed Natasha
  1109 | D:3      | Reached XP level 6. HP: 36/48 MP: 4/6
  1109 | D:3      | Noticed Natasha
  1120 | D:3      | Killed Natasha
  1120 | D:3      | Reached skill level 7 in Polearms
  1694 | D:4      | Reached XP level 7. HP: 40/55 MP: 5/7
  1790 | D:4      | Found Coeliax's Armour Emporium.
  1844 | D:4      | Reached skill level 8 in Polearms
  1844 | D:4      | Reached skill level 5 in Dodging
  1885 | D:4      | Noticed Ijyb
  1892 | D:4      | Killed Ijyb
  1934 | D:4      | Reached skill level 5 in Fighting
  2116 | D:4      | Reached *** piety under Trog
  2121 | D:4      | Reached skill level 9 in Polearms
  2184 | D:4      | Reached XP level 8. HP: 61/63 MP: 8/8
  2459 | D:5      | Entered Level 5 of the Dungeon
  2854 | D:5      | Reached skill level 10 in Polearms
  2928 | D:5      | Found an iron altar of Okawaru.
  2929 | D:5      | Found a bloodstained altar of Trog.
  3228 | D:5      | Reached skill level 1 in Shields
  3715 | D:5      | Reached XP level 9. HP: 69/69 MP: 9/9
  4128 | D:6      | Found a staircase to the Ecumenical Temple.
  4182 | Temple   | Entered the Ecumenical Temple
  4224 | D:6      | Reached **** piety under Trog
  4230 | D:6      | Reached skill level 11 in Polearms
  4572 | D:6      | Found an opulent altar of Gozag.
  4579 | D:6      | Found a shimmering altar of Xom.
  4583 | D:6      | Found a blossoming altar of Fedhas.
  4676 | D:6      | Found a basalt altar of Yredelemnul.
  5290 | D:8      | Noticed a two-headed ogre
  5318 | D:8      | Killed a two-headed ogre
  5318 | D:8      | Reached skill level 12 in Polearms
  5459 | D:8      | Reached XP level 10. HP: 79/79 MP: 10/10
  5571 | D:8      | Got a smoking long sword
  5572 | D:8      | Identified the +11 long sword of the Gloaming {flame, *Slow
                  | +Fly Str+3} (You found it on level 8 of the Dungeon)
  5675 | D:8      | Reached ***** piety under Trog
  5715 | D:8      | Found a radiant altar of Vehumet.
  5987 | D:8      | Found a hide-covered altar of Uskayaw.
  6032 | D:8      | Got an encrusted whip
  6033 | D:8      | Identified the +2 whip of the Hills {flame, +Rage Str-5
                  | SInv} (You found it on level 8 of the Dungeon)
  6088 | D:8      | Noticed an oklob plant
  6116 | D:8      | Reached skill level 13 in Polearms
  6116 | D:8      | Reached skill level 5 in Armour
  6128 | D:8      | Killed an oklob plant
  6271 | D:8      | Found a white marble altar of Elyvilon.
  6615 | D:9      | Noticed a two-headed ogre
  6627 | D:9      | Killed a two-headed ogre
  6786 | D:9      | Reached skill level 14 in Polearms
  7042 | D:9      | Found a burning altar of Makhleb.
  7116 | D:9      | Reached XP level 11. HP: 87/87 MP: 8/11
  7350 | D:10     | Entered Level 10 of the Dungeon
  7449 | D:10     | Reached skill level 10 in Dodging
  7524 | D:10     | Received a gift from Trog
  7698 | D:10     | Noticed a cyclops
  7707 | D:10     | Killed a cyclops
  7707 | D:10     | Reached skill level 15 in Polearms
  7759 | D:10     | Reached skill level 1 in Evocations
  8541 | D:10     | Killed an unseen horror
  9247 | D:11     | Found a staircase to the Lair.
  9344 | D:11     | Killed an unseen horror
  9541 | D:11     | Killed an unseen horror
  9919 | D:12     | Noticed a deep elf mage
  9934 | D:12     | Killed a deep elf mage
  9934 | D:12     | Reached XP level 12. HP: 79/96 MP: 11/14
  9944 | D:12     | Reached skill level 16 in Polearms
  9987 | D:12     | Found a runed translucent door.
 10017 | D:12     | Noticed a five-headed hydra
 10269 | D:12     | Found a burning altar of Makhleb.
 10708 | D:12     | Received a gift from Trog
 10730 | D:12     | Noticed Okiesh's ghost (journeyman DrCj)
 10776 | D:12     | Found a runed translucent gate.
 10776 | D:12     | Found a runed translucent gate.
 10776 | D:12     | Found a runed translucent gate.
 10842 | D:12     | Found a runed translucent door.
 10843 | D:12     | Noticed a centaur warrior
 10843 | D:12     | Noticed a frost giant
 10843 | D:12     | Noticed a fire dragon
 10843 | D:12     | Noticed a two-headed ogre
 10855 | D:12     | HP: 1/97 [two-headed ogre/+0 giant spiked club (9)]
 10856 | D:12     | Killed a frost giant
 10857 | D:12     | Demolished by a two-headed ogre

Illustrated notes

Levels and vault maps discovered:
D:1:      ebering_trefoil_3fold, layout_basic, hex_intersection,
          lemuel_flame_loot_1
D:2:      layout_basic, uniq_robin
D:3:      layout_basic, first_ration, uniq_natasha, uniq_jessica
D:4:      layout_loops_cross, serial_shops, shop, minivault_19, uniq_ijyb
D:5:      layout_layer_cave, grunt_temple_overflow_bloody_war, sword_in_stone
D:6:      layout_loops_cross, lemuel_zombie_altar_yredelemnul, minitemple,
          minmay_temple_entry_statues_pillars
D:7:      layout_basic
D:8:      lemuel_slime, layout_rooms, elyvilon_altar_5, lemuel_crystal_altar,
          kennysheep_mini, grunt_ogre_cave, palyth_stone_intersect,
          nicolae_underground_beach
D:9:      layout_roguey, lemuel_doored_altar, hangedman_abyss_or_decor_stabs
D:10:     minmay_spotlight, layout_layer_cave
D:11:     layout_stronghold, lair_entry_dummy
D:12:     minmay_the_grid_triangle_9x9_rhombus_full_mashed
          [minmay_the_grid_triangle_9x9_stretched_checkered,
          minmay_the_grid_triangle_9x9_shrine,
          minmay_the_grid_triangle_9x9_subtriangle,
          minmay_the_grid_triangle_9x9_skeleton,
          minmay_the_grid_triangle_9x9_flanged_cone,
          minmay_the_grid_triangle_9x9_tough_junction,
          minmay_the_grid_triangle_9x9_cache,
          minmay_the_grid_triangle_9x9_prize_top_heavy], layout_layer_cave,
          david_orc_1_choice, gammafunk_ghost_icy
Temple:   hc_temple_tempest_star

Skill      XL: |  1  2  3  4  5  6  7  8  9 10 11 12 |
---------------+-------------------------------------+-----
Polearms       | 5 6 7 9 10 12 14 15 16 | 16.6
Dodging        | 3 4 5 6 8 9 10 11 | 11.3
Armour         | 2 3 4 5 6 |  6.7
Fighting       | 4 5 6 7 8 9 |  9.9
Shields        | 1 3 4 |  4.0
Evocations     | 3 |  3.9

Action                   |  1- 3 |  4- 6 |  7- 9 | 10-12 || total
-------------------------+-------+-------+-------+-------++-------
Melee: Spear             |    56 |   139 |   690 |    58 ||   943
       Long sword        |       |       |       |   162 ||   162
       Glaive            |       |       |       |   228 ||   228
Throw: Throwing net      |       |       |     1 |       ||     1
Invok: Berserk           |     1 |     4 |     8 |     8 ||    21
       Brothers in Arms  |       |       |     1 |     2 ||     3
  Use: Scroll            |       |       |       |     3 ||     3
       Potion            |       |       |       |     2 ||     2
 Stab: Sleeping          |       |     4 |     1 |       ||     5
       Distracted        |       |     1 |       |     2 ||     3
       Held in net/web   |       |       |     2 |       ||     2
  Eat: Chunk             |       |     7 |    19 |    22 ||    48
       Ration            |       |       |       |     2 ||     2
Armor: Animal skin       |    14 |    15 |     5 |       ||    34
       Ring mail         |       |       |    88 |       ||    88
       Acid dragon scale |       |       |    43 |   201 ||   244
Dodge: Dodged            |    30 |    53 |   234 |   347 ||   664
Block: Buckler           |       |       |    37 |    51 ||    88
       Rpst.: Long sword |       |       |       |    45 ||    45

Table legend:
 A = Non-vault XP
 B = Vault XP
 C = Vault XP percentage of total XP
 D = Non-vault monster count
 E = Vault monster count
 F = Vault count percentage of total count
                 A         B        C        D         E       F
            +---------+---------+-------+---------+---------+-------
      Total |   16698 |    6740 |  28.8 |     257 |      56 |  17.9
            +---------+---------+-------+---------+---------+-------
        D:1 |       3 |       0 |   0.0 |       2 |       0 |   0.0
        D:2 |       3 |       0 |   0.0 |       2 |       0 |   0.0
        D:3 |     313 |      72 |  18.7 |      39 |       2 |   4.9
        D:4 |     919 |      36 |   3.8 |      22 |       1 |   4.3
        D:5 |     682 |     377 |  35.6 |      27 |       5 |  15.6
        D:6 |     601 |       3 |   0.5 |      21 |       2 |   8.7
        D:7 |     597 |       0 |   0.0 |       8 |       0 |   0.0
        D:8 |    2215 |    1120 |  33.6 |      42 |      21 |  33.3
        D:9 |    3367 |       0 |   0.0 |      35 |       0 |   0.0
       D:10 |    4262 |     341 |   7.4 |      29 |       3 |   9.4
       D:11 |    2524 |       0 |   0.0 |      18 |       0 |   0.0
       D:12 |    1212 |    4791 |  79.8 |      12 |      22 |  64.7
            +---------+---------+-------+---------+---------+-------
